 Dungeon Crawl Stone Soup version 0.23.2-33-g5129a83184 (webtiles) character file.

Game seed: 10031440524802227342

1201 TakeFive the Chiller (level 8, 0/52 HPs)
             Began as a Mummy Ice Elementalist on July 10, 2019.
             Was an Initiate of Ashenzari.
             Shot with an arrow by a centaur (13 damage)
             ... on level 6 of the Dungeon.
             The game lasted 00:12:16 (9837 turns).

TakeFive the Chiller (Mummy Ice Elementalist)       Turns: 9837, Time: 00:12:17

Health: 0/52       AC:  2    Str: 11    XL:     8   Next: 21%
Magic:  5/12       EV: 12    Int: 16    God:    Ashenzari [......]
Gold:   184        SH:  0    Dex: 13    Spells: 7/12 levels left

rFire    x . .     SeeInvis .   l - +3 falchion (slice)
rCold    + . .     Gourm    .   (no shield)
rNeg     + + +     Faith    .   a - +0 robe
rPois    ∞         Spirit   .   (no helmet)
rElec    .         Reflect  .   (no cloak)
rCorr    .         Harm     .   (no gloves)
MR       +....                  (no boots)
Stlth    ++........             i - amulet of magic regeneration
HPRegen  0.17/turn              (no ring)
MPRegen  0.38/turn              (no ring)

@: very slightly contaminated
A: no food or potions, fire vulnerability, cold resistance 1, negative energy
resistance 3, torment resistance, unbreathing
a: Curse Item, Renounce Religion


You were on level 6 of the Dungeon.
You worshipped Ashenzari.
Ashenzari was noncommittal.
You were not hungry.

You visited 2 branches of the dungeon, and saw 7 of its levels.

You collected 184 gold pieces.

Inventory:

Hand Weapons
 l - a +3 falchion of slicing (weapon)
Missiles
 j - 14 poisoned needles (quivered)
Armour
 a - a +0 robe (worn)
Jewellery
 i - an amulet of magic regeneration (around neck)
Wands
 m - a wand of flame (14)
Scrolls
 b - a scroll of fog {unknown}
 c - 9 scrolls of identify
 d - 3 scrolls of remove curse
 e - 2 scrolls of amnesia
 f - 3 scrolls of fear
 g - 2 scrolls of magic mapping
 h - 3 scrolls of enchant weapon
 k - 5 scrolls of teleportation


   Skills:
 - Level 1.5 Dodging
 - Level 1.5 Stealth
 - Level 2.6 Spellcasting
 * Level 5.8 Conjurations
 + Level 6.2 Ice Magic


You had 7 spell levels left.
You knew the following spells:

 Your Spells              Type           Power        Failure   Level  Hunger
a - Freeze                Ice            ###.         1%          1    N/A
b - Throw Icicle          Conj/Ice       ###.....     16%         4    N/A

Your spell library contained the following spells:

 Spells                   Type           Power        Failure   Level  Hunger
 Magic Dart               Conj           ###.         1%          1    N/A
 Throw Frost              Conj/Ice       ###...       2%          2    N/A
 Ensorcelled Hibernation  Hex/Ice        ##....       9%          2    N/A
 Ozocubu's Armour         Chrm/Ice       ##......     16%         3    N/A
 Conjure Flame            Conj/Fire      ##......     17%         3    N/A
 Dazzling Spray           Conj/Hex       ##....       17%         3    N/A
 Corona                   Hex            #......      19%         1    N/A
 Mephitic Cloud           Conj/Pois/Air  #.......     26%         3    N/A
 Blink                    Tloc           N/A          28%         2    N/A
 Call Imp                 Summ           #.......     28%         2    N/A
 Slow                     Hex            #.......     28%         2    N/A
 Summon Ice Beast         Ice/Summ       ##......     47%         4    N/A
 Confuse                  Hex            #.......     50%         3    N/A
 Tukima's Dance           Hex            #.......     50%         3    N/A

Dungeon Overview and Level Annotations

Branches:
Dungeon (6/15)             Temple (1/1) D:4

Altars:
Ashenzari
Hepliaklqana
Qazlal
Sif Muna
Vehumet
Xom
Zin

Shops:
D:6 !


Innate Abilities, Weirdness & Mutations

You do not eat or drink.
Your flesh is vulnerable to fire.
You are immune to poison.
Your flesh is cold resistant. (rC+)
You are immune to negative energy. (rN+++)
You are immune to unholy pain and torment.
You can survive without breathing.


Message History

The arrow misses you.
Casting: Freeze (safe; 1% risk of failure)
Confirm with . or Enter, or press ? or * to list all spells.
Aiming: Throw Icicle (slightly dangerous; 16% risk of failure)
Press: ? - help, Shift-Dir - straight line, f - centaur
Aim: a centaur, wielding a +0 shortbow You miscast Throw Icicle.
You are very lightly contaminated with residual magic.
Energy rips through your body!
The centaur shoots an arrow.
The arrow hits you!
* * * LOW HITPOINT WARNING * * *
Casting: Throw Icicle (slightly dangerous; 16% risk of failure)
Confirm with . or Enter, or press ? or * to list all spells.
Aiming: Throw Icicle (slightly dangerous; 16% risk of failure)
Press: ? - help, Shift-Dir - straight line, f/p - centaur
Aim: a centaur, wielding a +0 shortbow The shard of ice hits the centaur!
The centaur is severely wounded.
The centaur shoots an arrow.
The arrow closely misses you.
The centaur shoots an arrow.
The arrow hits you!
You die...

.......
.......
###.......
#.........
#.<.......
#>........
#c#.......
#(#.......
#########
#@#.......
#.......#
#.#######.
#.......# #.#
#.......# #.#
#.......####.#
#...........(#
#.......####.#
#.......#..#.#
#.......#..#..


You could see a centaur.

Vanquished Creatures
  Edmund (D:6)
  A sky beast (D:5)
  A centaur (D:5)
  2 ogres
  A crimson imp (D:5)
  A hound (D:4)
  A bullfrog zombie (D:6)
  3 orc priests
  6 orc wizards
  A centaur skeleton (D:4)
  An iguana (D:4)
  Natasha (twice) (D:3)
  2 worker ants
  3 gnolls
  8 adders
  An ooze (D:4)
  2 worms
  4 dart slugs
  4 leopard geckos
  21 orcs
  5 giant cockroaches
  11 goblins
  7 hobgoblins
  10 jackals
  4 kobolds
  4 quokkas
  A ball python (D:5)
  8 bats
  10 frilled lizards
  A jackal skeleton (D:5)
  3 rats
130 creatures vanquished.

Notes
Turn   | Place    | Note
-------+----------+-------------------------------------------
     0 | D:1      | TakeFive the Mummy Ice Elementalist began the quest for the
                  | Orb.
     0 | D:1      | Reached XP level 1. HP: 13/13 MP: 4/4
   196 | D:1      | Reached skill level 3 in Ice Magic
   196 | D:1      | Reached XP level 2. HP: 15/19 MP: 0/5
  1008 | D:1      | Reached XP level 3. HP: 22/24 MP: 0/7
  1953 | D:2      | HP: 1/24 [worm (9)]
  2953 | D:2      | Reached skill level 4 in Ice Magic
  3036 | D:2      | Reached XP level 4. HP: 26/30 MP: 4/8
  3334 | D:2      | Learned a level 4 spell: Throw Icicle
  3893 | D:3      | Noticed Natasha
  3901 | D:3      | Killed Natasha
  4122 | D:3      | Reached skill level 1 in Conjurations
  4126 | D:3      | Reached XP level 5. HP: 23/35 MP: 4/9
  4808 | D:3      | Noticed Natasha
  4817 | D:3      | Killed Natasha
  5567 | D:4      | Reached skill level 5 in Ice Magic
  5567 | D:4      | Reached XP level 6. HP: 39/41 MP: 7/10
  6751 | D:4      | Reached XP level 7. HP: 18/46 MP: 0/11
  6998 | D:4      | Found a staircase to the Ecumenical Temple.
  7004 | Temple   | Entered the Ecumenical Temple
  7086 | Temple   | Became a worshipper of Ashenzari the Shackled
  7431 | D:5      | Entered Level 5 of the Dungeon
  8436 | D:5      | Reached skill level 5 in Conjurations
  8895 | D:5      | Reached skill level 6 in Ice Magic
  9146 | D:6      | Reached XP level 8. HP: 52/52 MP: 9/12
  9272 | D:6      | Noticed Edmund
  9288 | D:6      | Killed Edmund
  9666 | D:6      | Found Isariti's Distillery.
  9837 | D:6      | Shot with an arrow by a centaur

Skill      XL: |  1  2  3  4  5  6  7 |
---------------+----------------------+-----
Ice Magic      | 3 4 5 6 |  6.2
Conjurations   | 1 2 3 5 |  5.8
Dodging        | |  1.5
Stealth        | |  1.5
Spellcasting   | |  2.6

Action                   |  1- 3 |  4- 6 |  7- 9 || total
-------------------------+-------+-------+-------++-------
Melee: Unarmed           |     7 |       |       ||     7
       Short sword       |    16 |     8 |       ||    24
       Falchion          |       |    37 |    37 ||    74
 Cast: Freeze            |    87 |   108 |    65 ||   260
       Throw Icicle      |       |       |     8 ||     8
  Use: Scroll            |       |       |     5 ||     5
 Stab: Sleeping          |       |     2 |     1 ||     3
Armor: Robe              |    11 |    13 |     7 ||    31
Dodge: Dodged            |    63 |    90 |    55 ||   208
       Rpst.: Falchion   |       |    21 |    15 ||    36
